 Dungeon Crawl Stone Soup version 0.7.1-24-ga64cc90 character file.

4943 KiloByte the Spear-Bearer (level 10, 0/72 HPs)
             Began as a Merfolk Necromancer on Aug 28, 2010.
             Was a Priest of Okawaru.
             Shot with a poisoned arrow by an imp (6 damage)
             ... on Level 10 of the Dungeon.
             The game lasted 01:06:48 (11562 turns).

KiloByte the Spear-Bearer (Merfolk Necromancer)    Turns: 11562, Time: 01:06:48

HP   0/72        AC  7     Str  9 Exp: 10/6434 (685), need: 2877
MP  12/21        EV 15     Int 19      God: Okawaru [***...]
Gold 440         SH  0     Dex 15      Spells:  7 memorised,  4 levels left

Res.Fire  : . . .   See Invis. : +   x - +1 spear (slay drac)
Res.Cold  : . . .   Warding    : .   (no armour)
Life Prot.: . . .   Conserve   : .   (no shield)
Res.Poison: .       Res.Corr.  : +   (no helmet)
Res.Elec. : +       Clarity    : .   (no cloak) Spirit.Shd: . Stasis : .
                                     o - +2 pair of dwarf gauntlets
Sust.Abil.: . .     Rnd.Telep. : .   (no boots)
Res.Mut.  : .       Ctrl.Telep.: .   W - amulet "Qixtue" {rCorr AC+4 Int+1}
Res.Rott. : .       Levitation : .   (no ring)
Saprovore : . . .   Ctrl.Flight: .   D - ring of see invisible

@: quite poisoned, very slightly glowing, somewhat resistant to hostile
enchantments, stealthy
A: change form in water, herbivore 1, electricity resistance, Int +1
a: Might, Renounce Religion


You were on level 10 of the Dungeon.
You worshipped Okawaru.
Okawaru was greatly pleased with you.
You were hungry.

You visited 2 branches of the dungeon, and saw 11 of its levels.

You collected 460 gold pieces.
You spent 40 gold pieces at shops.

Notes
Turn   | Place    | Note
--------------------------------------------------------------
     0 | D:1      | KiloByte, the Merfolk Necromancer, began the quest for the Orb.
     0 | D:1      | Reached XP level 1. HP: 11/11 MP: 3/3
   146 | D:1      | HP: 1/11 [ooze (1)]
   320 | D:1      | Reached XP level 2. HP: 6/17 MP: 3/4
  1265 | D:1      | Reached XP level 3. HP: 4/23 MP: 3/5
  1770 | D:2      | Reached skill 2 in Spellcasting
  1866 | D:2      | Reached skill 3 in Stealth
  1870 | D:2      | Found a basalt altar of Yredelemnul.
  1883 | D:2      | Noticed a snake zombie
  1891 | D:2      | Defeated a snake zombie
  1917 | D:2      | Reached XP level 4. HP: 10/29 MP: 2/8
  2433 | D:3      | HP: 4/29 [poisoned by a snake]
  2447 | D:3      | HP: 3/29 [poisoned by a snake]
  2455 | D:3      | HP: 2/29 [poisoned by a snake]
  2876 | D:3      | Learned a level 1 spell: Sting
  2880 | D:3      | Learned a level 3 spell: Regeneration
  3508 | D:3      | Reached skill 1 in Stabbing
  3704 | D:3      | Found a glowing golden altar of the Shining One.
  3751 | D:3      | Reached XP level 5. HP: 32/36 MP: 5/9
  3778 | D:4      | Reached skill 1 in Polearms
  3847 | D:4      | Reached skill 2 in Stabbing
  3985 | D:4      | Reached skill 2 in Polearms
  4146 | D:4      | Reached skill 1 in Poison Magic
  4152 | D:4      | Found Kicio's Antique Armour Boutique.
  4161 | D:4      | Bought a pair of gauntlets for 40 gold pieces
  4353 | D:4      | Got a jewelled robe
  4360 | D:4      | Identified the +1 robe of Zith (You found it on level 4 of the Dungeon)
  4572 | D:4      | Reached skill 3 in Polearms
  4583 | D:4      | Reached skill 1 in Conjurations
  4585 | D:4      | Reached skill 2 in Poison Magic
  4907 | D:4      | Reached skill 3 in Spellcasting
  5056 | D:4      | Reached XP level 6. HP: 41/41 MP: 11/12
  5138 | D:4      | Reached skill 4 in Necromancy
  5313 | D:4      | Learned a level 4 spell: Dispel Undead
  5316 | D:5      | Entered Level 5 of the Dungeon
  5363 | D:5      | Reached skill 2 in Conjurations
  5369 | D:5      | Reached skill 3 in Poison Magic
  5730 | D:5      | Reached XP level 7. HP: 9/48 MP: 5/14
  5957 | D:5      | Noticed Crazy Yiuf
  5996 | D:5      | Reached XP level 6. HP: 40/44 MP: 7/12
  6018 | D:5      | Defeated Crazy Yiuf
  6018 | D:5      | Reached XP level 7. HP: 44/48 MP: 10/14
  6034 | D:5      | Identified a +0 cloak of preservation (You took it off Crazy Yiuf on level 5 of the Dungeon)
  6444 | D:5      | Reached skill 4 in Polearms
  6503 | D:5      | Reached skill 4 in Dodging
  6504 | D:5      | Reached skill 4 in Poison Magic
  6504 | D:5      | HP: 7/48 [orc priest/divine providence (13)]
  6739 | D:5      | Reached skill 3 in Conjurations
  6743 | D:5      | Reached skill 4 in Spellcasting
  6889 | D:5      | Reached skill 1 in Traps & Doors
  6920 | D:5      | Reached XP level 8. HP: 42/54 MP: 7/18
  6944 | D:5      | Noticed Blork the orc
  6948 | D:5      | Reached skill 5 in Necromancy
  6951 | D:5      | Reached skill 5 in Polearms
  6951 | D:5      | Reached skill 1 in Fighting
  6952 | D:5      | Defeated Blork the orc
  7127 | D:6      | Gained mutation: You are resistant to electric shocks.
  7127 | D:6      | Gained mutation: You digest meat inefficiently.
  7529 | D:6      | Found a staircase to the Ecumenical Temple.
  7540 | Temple   | Entered the Ecumenical Temple
  7620 | Temple   | Became a worshipper of Warmaster Okawaru
  7687 | D:6      | Learned a level 3 spell: Mephitic Cloud
  7710 | D:6      | Reached skill 6 in Polearms
  8179 | D:6      | Reached skill 1 in Enchantments
  8565 | D:7      | Found Waeca's Armour Boutique.
  8587 | D:7      | Got a pitted scale mail
  8598 | D:7      | Identified the +3 scale mail of the Orb (You found it on level 7 of the Dungeon)
  8658 | D:7      | Reached skill 5 in Poison Magic
  8770 | D:7      | Reached skill 3 in Stabbing
  8770 | D:7      | Reached skill 7 in Polearms
  8803 | D:7      | Acquired Okawaru's first power
  8803 | D:7      | Reached XP level 9. HP: 55/61 MP: 18/19
  8841 | D:7      | HP: 7/61 [centaur/arrow (8)]
  9132 | D:7      | Reached skill 2 in Fighting
  9212 | D:7      | Got a vibrating amethyst amulet
  9213 | D:7      | Identified the amulet "Qixtue" (You found it on level 7 of the Dungeon)
  9345 | D:7      | Reached skill 8 in Polearms
  9455 | D:7      | Got a jewelled hammer
  9456 | D:7      | Identified the hammer "Gaustasm" {holy, rF+ Int-1 Stlth+} (You found it on level 7 of the Dungeon)
  9931 | D:8      | Found a staircase to the Orcish Mines.
  9936 | D:8      | Reached skill 4 in Conjurations
 10008 | D:8      | Identified a scroll of acquirement
 10029 | D:8      | Gained mutation: Your mind is acute (Int +1).
 10179 | D:8      | Reached skill 5 in Dodging
 10187 | D:8      | Reached skill 6 in Poison Magic
 10204 | D:8      | Learned a level 1 spell: Apportation
 10210 | D:8      | Learned a level 2 spell: Blink
 10210 | D:8      | Reached skill 5 in Spellcasting
 10369 | D:8      | Reached skill 1 in Translocations
 10618 | D:9      | Noticed Maurice
 10666 | D:9      | Reached skill 9 in Polearms
 10881 | D:9      | Found a burning altar of Makhleb.
 10919 | D:9      | Reached skill 6 in Necromancy
 11068 | D:9      | Defeated Maurice
 11068 | D:9      | Reached XP level 10. HP: 65/70 MP: 21/21
 11148 | D:9      | Noticed Grinder
 11159 | D:9      | Defeated Grinder
 11233 | D:10     | Entered Level 10 of the Dungeon
 11245 | D:10     | HP: 7/70 [two-headed ogre/giant spiked club (17)]
 11472 | D:10     | Reached skill 3 in Fighting
 11546 | D:10     | HP: 8/72 [poisoned by a scorpion]
 11560 | D:10     | HP: 7/72 [imp/ poisoned arrow (2)]
 11562 | D:10     | Shot with a poisoned arrow by an imp

Inventory:

Hand weapons
 a - a +1,+4 orcish trident
   (You took it off an orc warrior on level 6 of the Dungeon)
 h - a +0 blowgun
   (You took it off a kobold on level 6 of the Dungeon)
 j - a +0,+0 sling
   (You found it on level 1 of the Dungeon)
 s - a +0,+0 knife
   (You found it on level 2 of the Dungeon)
 x - a +1,+1 spear of dragon slaying (weapon)
   (You took it off a gnoll on level 9 of the Dungeon)
 E - a +0 blowgun
   (You took it off a kobold on level 3 of the Dungeon)
 O - a +0,+0 knife
   (You found it on level 4 of the Dungeon)
Missiles
 l - 2 poisoned +3 orcish needles
 F - 6 poisoned +0 needles
 H - 27 +4 darts of flame (quivered)
Armour
 o - a +2 pair of dwarven gauntlets (worn)
   (You found it on level 7 of the Dungeon)
 w - the +3 scale mail of the Orb {rF++ rC++ Stlth++}
   (You found it on level 7 of the Dungeon)

   It greatly protects you from fire.
   It greatly protects you from cold.
   It makes you much more stealthy.
 R - a +2 cloak of preservation
   (You took it off Crazy Yiuf on level 5 of the Dungeon)
 T - the +1 robe of Zith {Acc-1 Dam+3}
   (You found it on level 4 of the Dungeon)

   It affects your accuracy (-1).
   It affects your damage-dealing abilities (+3).
Magical devices
 d - a wand of enslavement (6) {unknown}
   (You took it off Maurice on level 9 of the Dungeon)
 K - a wand of fire (6)
   (You found it on level 9 of the Dungeon)
 P - a wand of draining (5) {unknown}
   (You found it on level 8 of the Dungeon)
 Q - a wand of random effects (12)
   (You took it off Crazy Yiuf on level 5 of the Dungeon)
Comestibles
 c - 4 bread rations
 g - a choko
 v - 2 apples
 A - a chunk of centaur flesh
 N - a honeycomb
Scrolls
 e - a scroll of fear
 k - 4 scrolls of detect curse
 m - 5 scrolls of teleportation
 p - 3 scrolls of curse armour {unknown}
 q - 2 scrolls of fog
 u - 3 scrolls of remove curse
 G - 3 scrolls of recharging {charging, unknown}
 J - a scroll of enchant armour
 L - a scroll of identify
Jewellery
 n - an uncursed amulet of guardian spirit
   (You acquired it on level 8 of the Dungeon)
 y - an uncursed ring of ice
   (You found it on level 4 of the Dungeon)
 D - a ring of see invisible (left hand)
   (You found it on level 6 of the Dungeon)
 M - an uncursed amulet of conservation
   (You found it on level 6 of the Dungeon)
 V - an uncursed amulet of warding
   (You found it on level 6 of the Dungeon)
 W - the amulet "Qixtue" (around neck) {rCorr AC+4 Int+1}
   (You found it on level 7 of the Dungeon)

   [amulet of resist corrosion]

   It affects your AC (+4).
   It affects your intelligence (+1).
Potions
 f - a potion of magic
 i - a potion of might
 t - 3 potions of healing
 C - a potion of restore abilities
 I - 3 potions of speed
Books
 b - a book of Necromancy

   Spells                             Type                      Level
   *Pain                              Necromancy                   1
   Animate Skeleton                   Necromancy                   1
   Vampiric Draining                  Necromancy                   3
   *Regeneration                      Enchantment/Necromancy       3
   *Dispel Undead                     Necromancy                   4
   Animate Dead                       Necromancy                   4
 z - a book of Stalking
   (You found it on level 2 of the Dungeon)

   Spells                             Type                      Level
   *Sting                             Conjuration/Poison           1
   Sure Blade                         Enchantment                  2
   Projected Noise                    Enchantment                  2
   Poison Weapon                      Enchantment/Poison           3
   *Mephitic Cloud                    Conjuration/Poison/Air       3
   Petrify                            Enchantment/Earth            4
   Invisibility                       Enchantment                  6
 B - a book of Conjurations [ice]
   (You found it on level 9 of the Dungeon)

   Spells                             Type                      Level
   Magic Dart                         Conjuration                  1
   Throw Frost                        Conjuration/Ice              2
   *Mephitic Cloud                    Conjuration/Poison/Air       3
   Static Discharge                   Conjuration/Air              4
   Bolt of Cold                       Conjuration/Ice              6
   Freezing Cloud                     Conjuration/Ice/Air          6
 U - a book of Spatial Translocations
   (You found it on level 8 of the Dungeon)

   Spells                             Type                      Level
   *Apportation                       Translocation                1
   Portal Projectile                  Translocation                2
   *Blink                             Translocation                2
   Recall                             Summoning/Translocation      3
   Teleport Other                     Translocation                4
   Control Teleport                   Enchantment/Translocation    4
   Teleport Self                      Translocation                5
 Z - a book of the Tempests
   (You found it on level 7 of the Dungeon)

   Spells                             Type                      Level
   Static Discharge                   Conjuration/Air              4
   Lightning Bolt                     Conjuration/Air              5
   Fireball                           Conjuration/Fire             6
   Shatter                            Transmutation/Earth          9

Table legend:
 A = Turns spent in this place as a percentage of turns spent in the entire game.
 B = Non-inter-level travel turns spent in this place as a percentage of non-inter-level travel turns spent in the entire game.
 C = Inter-level travel turns spent in this place as a percentage of turns spent in this place.
 D = Turns resting spent in this place as a percentage of non-inter-level travel turns spent in this place.
 E = Turns spent auto-exploring this place as a percentage of non-inter-level travel turns spent in this place.
 F = Non-inter-level travel turns spent in this place divided by the number of levels of this place that you've seen.
                   A       B       C       D       E      F
               +-------+-------+-------+-------+-------+----------------------
         Total | 100.0 | 100.0 |   0.8 |   6.0 |   8.4 | 343.2
       Dungeon |  97.8 |  97.8 |   0.8 |   6.1 |   8.6 | 369.2
        Temple |   2.2 |   2.2 |   1.2 |   0.0 |   0.0 |  83.0
               +-------+-------+-------+-------+-------+----------------------
You had 685 experience left.


   Skills:
 + Level 3 Fighting
 + Level 9 Polearms
 - Level 5 Dodging
 - Level 3 Stealth
 + Level 3 Stabbing
 + Level 1 Traps & Doors
 + Level 5 Spellcasting
 + Level 4 Conjurations
 + Level 1 Enchantments
 + Level 6 Necromancy
 + Level 1 Translocations
 + Level 6 Poison Magic


You had 4 spell levels left.
You knew the following spells:

 Your Spells              Type           Power        Success   Level
a - Pain                  Necr           #####        Excellent   1
b - Sting                 Pois/Conj      ####.        Excellent   1
c - Mephitic Cloud Pois/Air/Conj ####......     Very         Good        3
d - Dispel Undead Necr    #####....      Very         Good        4
e - Regeneration Ench/Necr ####......     Very         Good        3
i - Blink Tloc            N/A            Very         Good        2
n - Apportation           Tloc           ##........   Great       1

Dungeon Overview and Level Annotations

Branches:
Dungeon (10/27)            Temple (1/1) D:6             Orc (0/4) D:8
   Lair: D:8-13

Altars:
Cheibriados
Elyvilon
Fedhas
Kikubaaqudgha
Makhleb
Nemelex Xobeh
Okawaru
Sif Muna
The Shining One
Trog
Vehumet
Xom
Yredelemnul
Zin

Shops:
D:4: [ D:7: [

Annotations
D:1 exclusion: 22 steam clouds


Innate Abilities, Weirdness & Mutations

You revert to your normal form in water.
Your mind is acute (Int +1).
You digest meat inefficiently.
You are resistant to electric shocks.


Message History

Casting: Sting
Press: ? - help, Shift-Dir - straight line, f/p - hill giant
Aim: A hill giant, wielding a giant club (moderately wounded, poisoned)
The sting hits the hill giant.
The hill giant is moderately wounded.
Cast which spell? (? or * to list)
Casting: Sting
Press: ? - help, Shift-Dir - straight line, f/p - hill giant
Aim: A hill giant, wielding a giant club (moderately wounded, poisoned)
The sting hits the hill giant.
The hill giant is moderately wounded.
* * * LOW HITPOINT WARNING * * *
You feel sick.
* * * LOW HITPOINT WARNING * * *
You feel sick.
* * * LOW HITPOINT WARNING * * *
You feel sick.
* * * LOW HITPOINT WARNING * * *
You feel sick.
Cast which spell? (? or * to list)
Casting: Sting
Press: ? - help, Shift-Dir - straight line, f/p - hill giant
Aim: A hill giant, wielding a giant club (moderately wounded, poisoned)
The sting hits the hill giant.
The hill giant looks even sicker.
The hill giant is moderately wounded.
Cast which spell? (? or * to list)
Casting: Sting
Press: ? - help, Shift-Dir - straight line, f/p - hill giant
Aim: A hill giant, wielding a giant club (moderately wounded, poisoned)
The sting hits the hill giant.
The hill giant looks even sicker.
The hill giant is heavily wounded.
Cast which spell? (? or * to list)
Casting: Sting
Press: ? - help, Shift-Dir - straight line, f/p - hill giant
Aim: A hill giant, wielding a giant club (heavily wounded, poisoned)
The sting hits the hill giant.
The hill giant looks even sicker.
The hill giant is heavily wounded.
You are very lightly contaminated with residual magic.
Cast which spell? (? or * to list)
Casting: Sting
Press: ? - help, Shift-Dir - straight line, f/p - hill giant
Aim: A hill giant, wielding a giant club (heavily wounded, poisoned)
The sting hits the hill giant.
The hill giant is heavily wounded.
Cast which spell? (? or * to list)
Casting: Pain
Press: ? - help, Shift-Dir - straight line, f/p - hill giant
Aim: A hill giant, wielding a giant club (heavily wounded, poisoned)
The hill giant convulses in agony!
* * * LOW HITPOINT WARNING * * *
You feel sick.
Cast which spell? (? or * to list)
Casting: Pain
Press: ? - help, Shift-Dir - straight line, f/p - hill giant
Aim: A hill giant, wielding a giant club (severely wounded, poisoned)
The hill giant resists.
Cast which spell? (? or * to list)
Casting: Pain
Press: ? - help, Shift-Dir - straight line, f/p - hill giant
Aim: A hill giant, wielding a giant club (almost dead, poisoned)
The hill giant resists.
Cast which spell? (? or * to list)
Casting: Pain
Press: ? - help, Shift-Dir - straight line, f/p - hill giant
Aim: A hill giant, wielding a giant club (almost dead, poisoned)
The hill giant resists.
Your extra speed is starting to run out.
Cast which spell? (? or * to list)
Casting: Pain
Press: ? - help, Shift-Dir - straight line, f/p - hill giant
Aim: A hill giant, wielding a giant club (almost dead, poisoned)
The hill giant resists.
* * * LOW HITPOINT WARNING * * *
You feel sick.
Throwing (i - inventory. (,) - cycle):
r - an uncursed spear of flaming (quivered)
Press: ? - help, Shift-Dir - straight line, f/p - hill giant
Aim: A hill giant, wielding a giant club (almost dead, poisoned)
You throw an uncursed spear of flaming.
The uncursed spear of flaming hits the hill giant.
The hill giant is almost dead.
* * * LOW HITPOINT WARNING * * *
You feel sick.
You feel better. Okawaru accepts your kill.
You feel a bit more experienced.
The imp blinks!
You feel yourself slow down.
The imp wields an uncursed bow.
The imp shoots a poisoned arrow.
The poisoned arrow hits you!
You are poisoned.
* * * LOW HITPOINT WARNING * * *
The imp shoots a poisoned arrow.
The poisoned arrow hits you!
You are more poisoned.
* * * LOW HITPOINT WARNING * * *
You see here a poisoned arrow.
* * * LOW HITPOINT WARNING * * *
You feel sick.
You feel a little better.
The imp shoots a poisoned arrow.
The poisoned arrow hits you!
You are more poisoned.
You die...

#.###........#..... #.#
#........# #.. #.#
#............ #.#
#.......)... ###.. #.#
#.......... #..... #.#
#........#####...... #>#
###......... ......?. #.#
#.......# #.....[..
#.#####.......# #.........
......#.......####..........
.(............)C.....!......
......#..#########..........
......#..#########..........#
......#....(@....5..%.......#
########.#########..........#
#.# #.).......## #.#
#............ #.#
#...5.....## #.# ####......#
#.############......#
#........).%.....(..#
##############......#
#......# ########


You could see an imp.

Table legend:
 A = Kills in this place as a percentage of kills in entire the game.
 B = Kills by you in this place as a percentage of kills by you in the entire game.
 C = Kills by friends in this place as a percentage of kills by friends in the entire game.
 D = Other kills in this place as a percentage of other kills in the entire game.
 E = Character level experience gained in this place as a percentage of character level experience gained in the entire game.
 F = Skills experience gained in this place as a percentage of skills experience gained in the entire game.
 G = Experience gained in this place divided by the number of levels of this place that you have seen.
                   A       B       C       D       E       F      G
               +-------+-------+-------+-------+-------+-------+--------------
         Total | 100.0 | 100.0 | 100.0 | 100.0 | 100.0 | 100.0 | 592.9
       Dungeon | 100.0 | 100.0 | 100.0 | 100.0 | 100.0 | 100.0 | 652.2
               +-------+-------+-------+-------+-------+-------+--------------

Vanquished Creatures
  A hill giant (D:10)
  Maurice (D:9)
  Grinder (D:9)
  A two-headed ogre (D:10)
  2 orc warriors (D:6 D:7)
  A hippogriff (D:7)
  An ice beast (D:5)
  5 ogres (D:5 D:6 D:10)
  6 centaurs (D:5 D:7 D:8 D:10)
  3 giant frogs (D:5 D:6 D:8)
  Blork the orc (D:5)
  A water moccasin skeleton (D:8)
  A wight (D:9)
  6 killer bees (D:8)
  2 giant beetles (D:8 D:9)
  5 imps (D:5 D:6 D:7 D:9)
  8 orc priests (D:4 D:5 D:6 D:7 D:8)
  Crazy Yiuf (D:5)
  2 iguanas (D:7 D:8)
  2 hound skeletons (D:9 D:10)
  4 hounds (D:4 D:6 D:7 D:9)
  5 orc wizards (D:7 D:8)
  2 scorpions (D:3 D:10)
  3 giant ants (D:5 D:9)
  A worm zombie (D:8)
  2 jellies (D:5 D:8)
  6 gnolls (D:9)
  A snake zombie (D:2)
  3 giant mites (D:3 D:4 D:7)
  10 snakes (D:2 D:3 D:4 D:5 D:9)
  4 worms (D:4 D:5)
  3 giant geckos (D:1 D:2 D:5)
  3 oozes (D:1 D:2 D:4)
  17 giant bats (D:1 D:3 D:4 D:5 D:6)
  10 giant cockroaches (D:1 D:2 D:3 D:4 D:5)
  14 goblins (D:1 D:3 D:4 D:5 D:6)
  13 hobgoblins (D:1 D:2 D:3 D:4 D:6)
  7 jackals (D:3 D:5)
  31 orcs (D:3 D:4 D:5 D:6 D:7)
  3 quokkas (D:2 D:4 D:7)
  3 small snakes (D:3 D:5 D:7)
  A giant gecko skeleton (D:5)
  7 giant newts (D:2 D:4 D:5 D:6 D:7)
  18 kobolds (D:1 D:2 D:3 D:4 D:5)
  An orc skeleton (D:9)
  A quokka zombie (D:9)
  20 rats (D:1 D:2 D:3 D:4 D:8)
  3 rat skeletons (D:4 D:5 D:9)
  A toadstool (D:4)
248 creatures vanquished.

Vanquished Creatures (collateral kills)
  A kobold (D:6)
1 creature vanquished.

Vanquished Creatures (others)
  A small abomination (D:6)
  An orc (D:7)
  A goblin (D:3)
  2 toadstools (D:3)
5 creatures vanquished.

Grand Total: 254 creatures vanquished
